 Dungeon Crawl Stone Soup version 0.20.1-1-g8b1a95d (webtiles) character file.

99 QuCean the Cudgeler (level 4, -7/45 HPs)
             Began as a Troll Monk on Oct 4, 2017.
             Mangled by Sigmund
             ... wielding a +2 vampiric scythe
              (13 damage)
             ... on level 2 of the Dungeon.
             The game lasted 00:06:52 (1278 turns).

QuCean the Cudgeler (Troll Monk)                    Turns: 1278, Time: 00:06:52

Health: -7/45      AC:  5    Str: 22    XL:     4   Next: 45%
Magic:  3/3        EV: 11    Int:  6    God:
Gold:   97         SH:  0    Dex: 12    Spells: 3/3 levels left

rFire    + . .     SeeInvis .   a - +0 mace
rCold    + . .     Gourm    +   (no shield)
rNeg     . . .     Faith    .   b - +0 robe
rPois    .         Spirit   .   (helmet restricted)
rElec    .         Reflect  .   d - scarf {rC+ rF+}
rCorr    .         Harm     .   (gloves unavailable)
MR       .....                  (boots unavailable)
Stlth    ++........             (no amulet)
Regen    0.6/turn               g - +2 ring of strength
MPRegen  0.1/turn               (no ring)

@: no status effects
A: unfitting armour, claws 3, fast metabolism 3, gourmand, regeneration 1,
shaggy fur 1, tough skin 2
a: no special abilities


You were on level 2 of the Dungeon.
You were completely stuffed.

You visited 1 branch of the dungeon, and saw 2 of its levels.

You collected 97 gold pieces.

Inventory:

Hand Weapons
 a - a +0 mace (weapon)
Armour
 b - a +0 robe (worn)
 d - a scarf of resistance (worn)
 i - a +0 cloak
Jewellery
 g - a +2 ring of strength (left claw)
 q - an uncursed ring of protection from cold {unknown}
Scrolls
 e - 2 scrolls of enchant armour {unknown}
 f - 3 scrolls of immolation {unknown}
 m - a scroll of identify {unknown}
 o - a scroll of enchant weapon {unknown}
 p - a scroll of blinking {unknown}
 r - a scroll of magic mapping
Potions
 l - 3 potions of mutation {unknown}
Comestibles
 c - 3 bread rations
 h - 10 fruits
 j - a royal jelly
 k - a meat ration
 n - 3 chunks of flesh


   Skills:
 + Level 3.0 Fighting
 + Level 3.8 Maces & Flails
 + Level 3.0 Dodging
 + Level 1.0 Stealth


You had 3 spell levels left.
You didn't know any spells.

Dungeon Overview and Level Annotations

Branches:
Dungeon (2/15)

Altars:
Elyvilon

Annotations:
D:2 Sigmund


Innate Abilities, Weirdness & Mutations

You are too large for most types of armour.
You have claws for hands.
Your metabolism is lightning-fast.
You like to eat raw meat.
Your natural rate of healing is unusually fast.
You are covered in fur. (AC +1)
You have very tough skin. (AC +2)


Message History

Sigmund hits you with a vampiric scythe!
You closely miss Sigmund.
Sigmund is severely wounded.
Sigmund hits you with a vampiric scythe!
* * * LOW HITPOINT WARNING * * *
Sigmund draws strength from your wounds!
You barely miss Sigmund.
Sigmund is heavily wounded.
You hit Sigmund but do no damage.
Sigmund is heavily wounded.
Sigmund points at you and mumbles some strange words.
The magic dart hits you!
* * * LOW HITPOINT WARNING * * *
Sigmund hits you but does no damage.
You hit Sigmund but do no damage.
Sigmund is heavily wounded.
You hit Sigmund.
Sigmund is heavily wounded.
Sigmund hits you with a vampiric scythe!
You die...

.# #...#
#########...#
...........#
...<......##
###.#
###.......#####
....#
#.............###
#####
#.#......#.......
# #.......@......
........@#..<...
#.######..###.##.
#. #..# .#
#......# ##.#####
... ... .....
.....


You could see Sigmund.

Vanquished Creatures
  Terence (D:2)
  An adder (D:2)
  A worm (D:2)
  2 dart slugs
  2 leopard geckos (D:2)
  A giant cockroach (D:1)
  5 goblins (D:1)
  6 hobgoblins
  15 jackals
  6 kobolds (D:1)
  3 bats
  2 frilled lizards (D:1)
  3 rats
48 creatures vanquished.

Notes
Turn   | Place    | Note
-------+----------+-------------------------------------------
     0 | D:1      | QuCean the Troll Monk began the quest for the Orb.
     0 | D:1      | Reached XP level 1. HP: 22/22 MP: 0/0
   107 | D:1      | Reached XP level 2. HP: 26/29 MP: 1/1
   510 | D:1      | Reached XP level 3. HP: 34/36 MP: 2/2
   980 | D:2      | Found a white marble altar of Elyvilon.
  1141 | D:2      | Reached XP level 4. HP: 18/44 MP: 3/3
  1189 | D:2      | Noticed Terence
  1205 | D:2      | Killed Terence
  1250 | D:2      | Noticed Sigmund
  1278 | D:2      | Mangled by Sigmund

Skill      XL: |  1  2  3  4 |
---------------+-------------+-----
Maces & Flails | 3 |  3.8
Dodging        | 3 |  3.0
Fighting       | 3 |  3.0
Stealth        | |  1.0

Action                   |  1- 3 |  4- 6 || total
-------------------------+-------+-------++-------
Melee: Mace              |   182 |    44 ||   226
  Use: Scroll            |     4 |       ||     4
 Stab: Sleeping          |     2 |       ||     2
  Eat: Chunk             |    17 |     1 ||    18
Armor: Robe              |    81 |    14 ||    95
Dodge: Dodged            |   152 |    31 ||   183
